 Dungeon Crawl Stone Soup version 0.28-a0-503-g83f2989fac (webtiles) character file.

Game seed: 1884664529410040649

1147 bande the Covered (level 8, -10/49 HPs)
             Began as a Gargoyle Fighter on Sept 20, 2021.
             Mangled by an ogre (18 damage)
             ... on level 6 of the Dungeon.
             The game lasted 00:12:02 (7992 turns).

bande the Covered (Gargoyle Fighter)                Turns: 7992, Time: 00:12:03

Health: -10/49     AC: 17    Str: 20    XL:     8   Next: 38%
Magic:  8/8        EV:  7    Int: 10    God:
Gold:   283        SH: 11    Dex: 12    Spells: 7/7 levels left

rFire   . . .      SeeInvis .   a - +1 war axe (vamp)
rCold   . . .      Faith    .   c - +1 buckler
rNeg    + . .      Spirit   .   q - +0 chain mail
rPois   ∞          Reflect  +   (no helmet)
rElec   +          Harm     .   (no cloak)
rCorr   +          Rampage  .   (no gloves)
Will    .....                   v - +0 pair of boots
Stlth   ..........              l - amulet of reflection
HPRegen 0.16/turn               h - ring of resist corrosion
MPRegen 0.11/turn               (no ring)

@: unable to read
A: sickness immunity, AC +5, negative energy resistance 1, electricity
resistance, torment resistance 1, petrification resistance, agile 1, screaming
1, inability to read while threatened, MP-powered wands
a: no special abilities


You were on level 6 of the Dungeon.
You visited 2 branches of the dungeon, and saw 7 of its levels.

You collected 283 gold pieces.

Inventory:

Hand Weapons
 a - a +1 vampiric war axe (weapon)
 j - a +2 hand axe of flaming
Armour
 c - a +1 buckler (worn)
 n - a +1 ring mail of fire resistance
 q - a +0 chain mail (worn)
 v - a +0 pair of boots (worn)
Jewellery
 h - a ring of resist corrosion (left hand)
 l - an amulet of reflection (around neck)
 m - a ring of magical power
Wands
 k - a wand of flame (6)
 p - a wand of charming (8)
Scrolls
 i - a scroll of identify
Potions
 b - a potion of flight
 d - a potion of might
 e - 4 potions of haste
 f - 2 potions of curing
 g - a potion of brilliance
 o - a potion of invisibility
 r - a potion of heal wounds
 s - a potion of lignification {unknown}
 t - a potion of mutation


   Skills:
 + Level 5.0 Fighting
 + Level 5.7 Axes
 + Level 6.5 Armour
 - Level 0.1 Dodging
 + Level 5.6 Shields


You had 7 spell levels left.
You didn't know any spells.
Your spell library contained the following spells:

 Spells                   Type           Power      Damage    Failure   Level
 Portal Projectile        Hex/Tloc       0%         N/A       100%        3
 Petrify                  Tmut/Erth      0%         N/A       100%        4
 Alistair's Intoxication  Tmut/Pois      0%         N/A       100%        5
 Blade Hands              Tmut           0%         N/A       100%        5
 Borgnjor's Vile Clutch   Necr/Erth      0%         N/A       100%        5
 Excruciating Wounds      Necr           0%         N/A       100%        5
 Irradiate                Conj/Tmut      0%         3d13      100%        5
 Eringya's Noxious Bog    Tmut/Pois      0%         N/A       100%        6
 Sublimation of Blood     Necr           Unusable   N/A       N/A         2

Dungeon Overview and Level Annotations

Branches:
Dungeon (6/15)             Temple (1/1) D:6

Altars:
Ashenzari
Cheibriados
Dithmenos
Elyvilon
Fedhas
Hepliaklqana
Kikubaaqudgha
Makhleb
Nemelex Xobeh
Qazlal
Ru
Sif Muna
Trog
Uskayaw
Vehumet
Wu Jian
Xom
Yredelemnul
Zin

Shops:
D:2 =

Annotations:
D:4 3 runed translucent doors, yellowboar's ghost, amateur TeAE
D:6 Prince Ribbit


Innate Abilities, Weirdness & Mutations

You are immune to sickness and miasma.
Your stone body is resilient. (AC +5)
You are immune to poison.
You resist negative energy. (rN+)
You are resistant to electric shocks. (rElec)
You are resistant to unholy torment.
You are immune to petrification.
You are agile. (Dex +2)
You occasionally shout uncontrollably at your foes.
You sometimes lose the ability to read scrolls when taking damage.
You expend magic power (3 MP) to strengthen your wands.


Message History

No target in view!
No target in view!
As you open the door, it creaks loudly!
There is an open door here.
Found a stone staircase leading up.
You now have 283 gold pieces (gained 11).
s - a ruby potion No target in view!
As you open the door, it creaks loudly!
You hear a shout!
There is an open door here.
An ogre comes into view. It is wielding a +0 giant spiked club.
An ogre is nearby!
You slash the ogre!
The ogre is moderately wounded.
You block the ogre's attack.
You hit the ogre.
The ogre is heavily wounded.
You block the ogre's attack.
You slash the ogre!
The ogre is almost dead.
The ogre hits you with a +0 giant spiked club!!
Ouch! That really hurt!
You are too injured to fight recklessly!
You are too injured to fight recklessly!
You are too injured to fight recklessly!
You are too injured to fight recklessly!
You are too injured to fight recklessly!
You are too injured to fight recklessly!
You barely miss the ogre.
The ogre is almost dead.
You block the ogre's attack.
You hit the ogre but do no damage.
The ogre is almost dead.
The ogre hits you with a +0 giant spiked club!!
You feel threatened and lose the ability to read scrolls!
* * * LOW HITPOINT WARNING * * *
You hit the ogre.
You feel better.
The ogre is almost dead.
The ogre hits you with a +0 giant spiked club!!
You die...

#.........##.#.......#
+.........'...........
#.........##.#.......#
#<......###.##......#
##.....## #.........#
##...## ######.####
##'## #.# ####.## #.#
#...@.# #.# # #.##O.#
#.# # # ...# #.# #
..... #.# # .......
#.# # #.##..#.# # #.
...#.# # # #.##.. #


You could see an ogre.

Vanquished Creatures
  Sigmund (D:3)
  Edmund (D:6)
  A centaur (D:6)
  An ogre (D:6)
  A phantom (D:4)
  Blork the orc (D:5)
  A scorpion (D:5)
  A howler monkey (D:5)
  An orc priest (D:6)
  A centaur zombie (D:6)
  A bullfrog skeleton (D:6)
  2 hounds
  An iguana (D:6)
  Ijyb (D:3)
  Terence (D:3)
  3 orc wizards
  6 adders
  A worm (D:3)
  4 dart slugs
  15 orcs
  10 endoplasms
  3 giant cockroaches
  5 hobgoblins
  4 jackals (D:2)
  4 quokkas
  6 ball pythons
  4 bats
  6 frilled lizards
  9 goblins
  7 kobolds
  5 rats
108 creatures vanquished.

Notes
Turn   | Place    | Note
-------+----------+-------------------------------------------
     0 | D:1      | bande the Gargoyle Fighter began the quest for the Orb.
     0 | D:1      | Reached XP level 1. HP: 14/14 MP: 1/1
   166 | D:1      | Reached XP level 2. HP: 8/19 MP: 2/2
   861 | D:1      | Reached XP level 3. HP: 23/23 MP: 3/3
  1679 | D:2      | Found a faded altar of an unknown god.
  2263 | D:2      | Reached XP level 4. HP: 24/28 MP: 4/4
  2438 | D:2      | Found Cowierol's Jewellery Boutique.
  2537 | D:3      | Reached skill level 4 in Armour
  2945 | D:3      | Noticed Sigmund
  2964 | D:3      | Killed Sigmund
  2965 | D:3      | Reached XP level 5. HP: 18/33 MP: 5/5
  2965 | D:3      | Reached XP level 6. HP: 21/38 MP: 6/6
  3242 | D:3      | Noticed Ijyb
  3245 | D:3      | Noticed Terence
  3532 | D:3      | Killed Ijyb
  3533 | D:3      | Reached skill level 5 in Armour
  3626 | D:3      | Killed Terence
  4126 | D:4      | Reached XP level 7. HP: 13/43 MP: 7/7
  4860 | D:4      | Found a runed translucent gate.
  4860 | D:4      | Found a runed translucent gate.
  4860 | D:4      | Found a runed translucent gate.
  4860 | D:4      | Noticed yellowboar's ghost (amateur TeAE)
  5067 | D:5      | Entered Level 5 of the Dungeon
  5993 | D:5      | Noticed Blork the orc
  6010 | D:5      | Killed Blork the orc
  6011 | D:5      | Reached skill level 5 in Axes
  6011 | D:5      | Reached skill level 5 in Shields
  6501 | D:6      | Reached skill level 6 in Armour
  6596 | D:6      | Found a stormy altar of Qazlal.
  6636 | D:6      | Noticed Edmund
  6649 | D:6      | Killed Edmund
  6650 | D:6      | Reached XP level 8. HP: 14/48 MP: 8/8
  7259 | D:6      | Found a staircase to the Ecumenical Temple.
  7281 | Temple   | Entered the Ecumenical Temple
  7430 | D:6      | Gained mutation: You occasionally shout uncontrollably at
                  | your foes. [potion of mutation]
  7430 | D:6      | Gained mutation: You are agile. (Dex +2) [potion of
                  | mutation]
  7430 | D:6      | Gained mutation: You sometimes lose the ability to read
                  | scrolls when taking damage. [potion of mutation]
  7430 | D:6      | Gained mutation: You expend magic power (3 MP) to
                  | strengthen your wands. [potion of mutation]
  7489 | D:6      | Noticed Prince Ribbit
  7885 | D:6      | Reached skill level 5 in Fighting
  7992 | D:6      | Mangled by an ogre

Illustrated notes

Levels and vault maps discovered:
D:1:      dpeg_arrival_rooms_a, layout_basic, serial_corexii_hall,
          chequers_hall_statues_y, corexii_hall_statues_x,
          chequers_hall_statues_wall_a, corexii_hall_statues_t,
          corexii_hall_statues_u, chequers_hall_statues_corner_a, st_stairs_3
D:2:      layout_loops_corners, chequers_ecumenical_altar_simple_redux,
          serial_shops, nicolae_shop_behind_doors
D:3:      layout_rooms, minmay_close_crescents, uniq_sigmund, uniq_terence,
          uniq_ijyb
D:4:      layout_basic, gammafunk_ghost_nasty_kobolds
D:5:      layout_basic, uniq_blork_the_orc
D:6:      layout_loops_corners, nicolae_qazlal_eye_of_the_storm,
          minmay_temple_entry_grid, kennysheep_small_circle,
          uniq_prince_ribbit1, uniq_edmund
Temple:   regret_index_temple_mists

Skill      XL: |  1  2  3  4  5  6  7  8 |
---------------+-------------------------+-----
Axes           | 2 3 4 5 |  5.7
Armour         | 4 5 6 |  6.5
Fighting       | 4 5 |  5.0
Shields        | 4 5 |  5.6
Dodging        | |  0.1

Action                   |  1- 3 |  4- 6 |  7- 9 || total
-------------------------+-------+-------+-------++-------
Melee: War axe           |   104 |   135 |   153 ||   392
  Use: Scroll            |     5 |     5 |     8 ||    18
       Potion            |       |     2 |     3 ||     5
Armor: Scale mail        |    39 |    73 |     1 ||   113
       Chain mail        |       |       |    78 ||    78
Dodge: Dodged            |    44 |    47 |    53 ||   144
Block: Buckler           |    24 |    60 |    83 ||   167
       Reflection        |       |     5 |       ||     5

Table legend: (Time is in decaauts)
 A = Elapsed time spent in this place.
 B = Non-inter-level travel time spent in this place.
 C = Inter-level travel time spent in this place.
 D = Time resting spent in this place.
 E = Time spent auto-exploring this place.
 F = Levels seen in this place.
 G = Mean time per level.
                   A        B        C        D        E       F      G
               +--------+--------+--------+--------+--------+-----+--------+
         Total |   8164 |   8134 |     30 |   2159 |   4605 |   7 | 1166.3 |
       Dungeon |   7976 |   7946 |     30 |   2159 |   4479 |   6 | 1329.3 |
        Temple |    187 |    187 |      0 |      0 |    126 |   1 |  187.0 |
               +--------+--------+--------+--------+--------+-----+--------+

Top non-repeatable levels by time:
     D:5: 1435 daAuts
     D:1: 1429 daAuts
     D:2: 1398 daAuts
     D:4: 1388 daAuts
     D:6: 1381 daAuts
     D:3: 943 daAuts
  Temple: 187 daAuts
